 Dungeon Crawl Stone Soup version 0.29.1-15-g9cfb28693d (webtiles) character file.

Game seed: 11255662996103194411

7 emperorjimmu the Firebug (level 1, -1/14 HPs)
             Began as a Draconian Fire Elementalist on Mar 1, 2023.
             Was a Follower of Fedhas.
             Succumbed to an adder's poison
             ... on level 2 of the Dungeon.
             The game lasted 00:08:58 (561 turns).

emperorjimmu the Firebug (DrFE)                      Turns: 561, Time: 00:08:58

Health: -1/14      AC:  4    Str: 10    XL:     1   Next: 83%
Magic:  0/3        EV: 12    Int: 15    God:    Fedhas [*.....]
Gold:   57         SH:  0    Dex: 11    Spells: 3/4 levels left

rFire   . . .      SeeInvis .   e - +0 short sword
rCold   . . .      Faith    .   (no shield)
rNeg    . . .      Spirit   .   (body armour unavailable)
rPois   .          Reflect  .   (helmet restricted)
rElec   .          Harm     .   (no cloak)
rCorr   .          Rampage  .   (no gloves)
Will    .....                   (no boots)
Stlth   ++........              (no amulet)
HPRegen 0.04/turn               (no ring)
MPRegen 0.08/turn               (no ring)

@: lethally poisoned (-1 -> -7)
A: AC +4, unfitting armour, cold-blooded
a: Renounce Religion


You were on level 2 of the Dungeon.
You worshipped Fedhas.
Fedhas was aware of your devotion.
You visited 1 branch of the dungeon, and saw 2 of its levels.

You collected 57 gold pieces.

Inventory:

Hand Weapons
 e - a +0 short sword (weapon)
Missiles
 d - a throwing net
Scrolls
 f - a scroll of vulnerability {unknown}
 g - a scroll of noise {unknown}
Potions
 a - a potion of magic
 b - 2 potions of curing {unknown}
 c - a potion of haste {unknown}


   Skills:
 * Level 0.2 Fighting
 * Level 0.1 Short Blades
 + Level 1.7 Dodging
 + Level 1.8 Stealth
 * Level 0.1 Unarmed Combat
 + Level 2.1 Spellcasting
 - Level 1.0 Conjurations
 + Level 3.2 Fire Magic


You had 3 spell levels left.
You knew the following spells:

 Your Spells              Type           Power      Damage    Failure   Level
a - Foxfire               Conj/Fire      28%        2x1d5     10%         1

Your spell library contained the following spells:

 Spells                   Type           Power      Damage    Failure   Level
 Scorch                   Fire           22%        2d6       9%          2
 Magic Dart               Conj           16%        1d3       14%         1
 Conjure Flame            Conj/Fire      7%         6-21      28%         3
 Call Imp                 Summ           1%         N/A       32%         2
 Inner Flame              Hex/Fire       6%         N/A       34%         3
 Mephitic Cloud           Conj/Pois/Air  2%         N/A       50%         3
 Flame Wave               Conj/Fire      7%         2d5       67%         4


Dungeon Overview and Level Annotations

Branches:
Dungeon (2/15)

Altars:
Fedhas

Shops:
D:1 (


Innate Abilities, Weirdness & Mutations

Your plain brown scales are hard. (AC +4)
You cannot fit into any form of body armour.
You are cold-blooded and may be slowed by cold attacks.


Message History

The adder bites you but does no damage. The adder attacks as you move away!
The adder misses you. The adder closely misses you.
Your magical contamination has completely faded away.
The adder attacks as you move away! The adder bites you. The adder misses you.
Casting: Foxfire (safe; 10% risk of failure)
Confirm with . or Enter, or press ? or * to list all spells.
You conjure some foxfire!
The adder bites you but does no damage.
Your foxfire dissipates!
The foxfire hits the adder.
The adder is severely wounded.
The adder attacks as you move away! The adder bites you.
You are poisoned.
The adder poisons you!
You feel sick. The adder bites you but does no damage.
You feel sick.
You barely miss the adder.
Your tail-slap misses the adder.
The adder is severely wounded.
You feel sick. The adder bites you.
You miss the adder.
The adder is severely wounded.
You feel sick. The adder closely misses you. The adder bites you.
* * * LOW HITPOINT WARNING * * *
Casting: Foxfire (safe; 10% risk of failure)
Confirm with . or Enter, or press ? or * to list all spells.
You conjure some foxfire!
You feel sick. The adder closely misses you.
You feel sick.
You are no longer poisoned.
The foxfire hits the adder.
The adder is severely wounded.
The foxfire hits the adder.
The adder is almost dead.
The adder attacks as you move away! The adder bites you but does no damage.
The adder bites you.
* * * LOW HITPOINT WARNING * * *
You are lethally poisoned!
The adder poisons you! The adder attacks as you move away!
The adder closely misses you.
You die...
Fedhas appreciates your contribution to the ecosystem.

..... ....# #.!#.##.# .....
#.##.#.## #.....#.# .#..#
#.##.#.. ....... .##..
####.##.#.# #...# #.##.. ##
#.........# #...# #.##.. ... #.
#...#..######...#####....#
....#.##....)...............###..
................@.S..............
#.<.....................###..
#...........##.#....##### #..
#..........###.#.[..# ###
##.##.....## #.#....# #
#.###...## #.#....# # #.# #####
#......# # #.# ####.###### # #.#
#.......#


You could see an adder.

Vanquished Creatures
  A goblin (D:2)
  3 hobgoblins
  A kobold (D:1)
5 creatures vanquished.

Vanquished Creatures (others)
  16 foxfires
16 creatures vanquished.

Grand Total: 21 creatures vanquished

Notes
Turn   | Place    | Note
-------+----------+-------------------------------------------
     0 | D:1      | emperorjimmu the Draconian Fire Elementalist began the
                  | quest for the Orb.
     0 | D:1      | Reached XP level 1. HP: 14/14 MP: 3/3
   181 | D:1      | Found Ammefuin's Antique Weapon Shoppe.
   231 | D:1      | Found a faded altar of an unknown god.
   249 | D:1      | Prayed at the altar of an unknown god.
   249 | D:1      | Became a worshipper of Fedhas Madash
   249 | D:1      | Reached * piety under Fedhas
   561 | D:2      | Succumbed to an adder's poison

Illustrated notes

Levels and vault maps discovered:
D:1:      amcnicky_arrival_underground_garden, layout_basic, serial_shops,
          nicolae_shop_advertising_works [nicolae_subvault_shop_adworks],
          ebering_ecumenical_altar_hall
D:2:      layout_loops_cross, basic_altar, minmay_between

Action                   || total
-------------------------++-------
Melee: Unarmed           ||     7
       Short sword       ||     2
 Cast: Foxfire           ||    13
Armor: Skin              ||     8
Dodge: Dodged            ||    17
